Map: Magannatha LE

Players

mares

  • Race: Protoss Protoss
  • Spawn Location: 5:00

A.I. 1 (Very Easy) - Winner!

  • Race: Terran Terran
  • Spawn Location: 11:00

VOD

Have the link to the VOD?

Description

Time

  • Played on: June 12, 2025, 3 a.m.
  • Length: 4:53
Show
View Real Time Build Order
Export as new Build Order

mares Protoss 

Build Orders: 1 Gate Expand, Dark Templar Rush 

Get SALT Encoding   

  6  0:00  Probe  
  13  0:12  Probe  
  14  0:17  Pylon  
  14  0:23  Probe  
  14  0:27  Assimilator  
  15  0:31  Probe  
  16  0:39  Probe  
  16  0:44  Gateway  
  17  0:52  Probe  
  18  1:04  Probe  
  19  1:16  Probe  
  20  1:28  Nexus  
  20  1:36  Cybernetics Core  
  20  1:42  Assimilator  
  20  1:45  Probe  
  21  1:52  Pylon  
  21  1:58  Probe  
  21  2:01  Stalker  
  22  2:10  Probe  
  22  2:13  Warp Gate  
  25  2:22  Probe  
  26  2:27  Twilight Council  
  26  2:31  Sentry  
  28  2:37  Shield Battery  
  28  2:42  Probe  
  28  2:43  Probe  
  30  2:50  Pylon  
  30  2:54  Probe  
  32  2:58  Probe  
  32  3:06  Probe  
  32  3:08  Robotics Facility  
  33  3:15  Dark Shrine  
  33  3:18  Probe  
  34  3:20  Probe  
  35  3:29  Gateway  
  35  3:34  Probe x2  
  35  3:36  Assimilator  
  35  3:39  Assimilator  
  37  3:48  Gateway  
  37  3:52  Warp Prism, Gateway  
  37  4:05  Probe  
  37  4:08  Probe  
  41  4:16  Pylon  
  41  4:18  Probe  
  43  4:28  Dark Templar x2  
  46  4:33  Probe x2  
  48  4:46  Dark Templar  
  48  4:47  Dark Templar  
Show
View Real Time Build Order
Export as new Build Order

A.I. 1 (Very Easy) Terran - Winner!

Build Orders:  

Get SALT Encoding   

  6  0:00  SCV  
  13  0:13  SCV  
  14  0:18  Supply Depot  
  14  0:37  Refinery  
  14  0:42  Barracks  
  14  1:04  Supply Depot  
  14  1:11  Refinery  
  14  1:29  SCV  
  14  1:30  Marine  
  16  1:42  SCV  
  17  1:54  SCV  
  18  2:05  Marine  
  18  2:06  SCV  
  20  2:18  SCV  
  21  2:30  SCV  
  22  2:41  Marine  
  22  2:42  Orbital Command  
  23  4:41  SCV  
  23  4:45  Supply Depot  
Tags
 
Add a new tag
Caveats
  • Supply blocks, unpowered buildings, or Contaminate may cause inaccurate times.
  • Supply counts are checked every 10 seconds.